AoeStats
← feizda

Arabia

509583936Analyzed
1v1 RM · 5d ago on Sep 27, 2026· 67m 12s· 2 players
Game mode
Random Map
Map size
Tiny (2 player)
Population
200
Speed
Normal
Resources
Standard
Victory
Conquest
Starting age
Dark Age
Ending age
Imperial Age
RankedLock teamsTeams togetherTeam positionsShared explorationLock speedFull tech treeHidden civsTurbo modeCheats
Victory
Defeat
🇧🇷 Vikings · Brazil
1206
+19
🇨🇳 Portuguese · China
1264
-19
feizda
6:29 Loom
9:17 Feudal Age
9:54 Double-Bit Axe
12:22 Horse Collar
15:00 Fletching
17:11 Wheelbarrow
19:57 Forging
25:10 Castle Age
23:34 Town Watch
24:26 Bloodlines
25:11 Forging
27:20 Bow Saw
30:42 Hand Cart
34:06 Iron Casting
36:24 Crossbowman
37:05 Bodkin Arrow
37:10 Padded Archer Armor
42:18 Imperial Age
40:24 Light Cavalry
41:06 Husbandry
42:24 Leather Archer Armor
43:01 Arbalester
44:03 Bracer
44:52 Thumb Ring
46:20 Ballistics
48:29 Chemistry
47:41 Masonry
50:02 Architecture
51:40 Gold Mining
52:30 Ring Archer Armor
55:39 Two-Man Saw
60:45 Scale Barding Armor
65:14 Chain Barding Armor
MarceleZa
5:42 Loom
9:42 Feudal Age
9:47 Man-at-Arms
16:30 Fletching
24:01 Castle Age
22:11 Horse Collar
22:42 Double-Bit Axe
24:07 Gold Mining
24:36 Long Swordsman
25:20 Squires
28:11 Scale Mail Armor
27:41 Pikeman
30:17 Forging
30:23 Chain Mail Armor
31:12 Chain Mail Armor
32:59 Scale Barding Armor
33:29 Iron Casting
35:06 Stone Mining
36:56 Bow Saw
41:58 Imperial Age
39:14 Town Watch
42:22 Heavy Plow
43:55 Two-Man Saw
42:23 Two-Handed Swordsman
43:52 Champion
46:50 Plate Mail Armor
47:21 Blast Furnace
48:26 Ballistics
49:07 Chemistry
50:03 Elite Skirmisher
50:40 Bodkin Arrow
50:45 Padded Archer Armor
50:14 Elite Skirmisher
54:10 Bracer
54:25 Leather Archer Armor
54:46 Crop Rotation
58:22 Light Cavalry
58:22 Cavalier
58:48 Light Cavalry
64:50 Chain Barding Armor
65:00 Ring Archer Armor
66:31 Town Patrol
Connection lost

Rejoining the realm…

Still unreachable

The connection could not be restored.

Session expired

The server has moved on; the page needs a fresh start.